 Dungeon Crawl Stone Soup version 0.32-a0-732-ga344392067 (webtiles) character file.

Game seed: 1076812242916818413

1 Roake the Sneak (level 1, -1/16 HPs)
             Began as a Human Brigand on Mar 17, 2024.
             Slain by a jackal (2 damage)
             ... on level 1 of the Dungeon.
             The game lasted 00:00:43 (37 turns).

Roake the Sneak (Human Brigand)                       Turns: 37, Time: 00:00:44

Health: -1/16      AC:  3    Str: 11    XL:     1   Next: 20%
Magic:  1/1        EV: 10    Int: 11    God:
Gold:   2          SH:  0    Dex: 14    Spells: 0/0 levels left

rFire   . . .        a - +2 dagger
rCold   . . .        (no shield)
rNeg    . . .        b - +0 robe
rPois   .            (no helmet)
rElec   .            c - +0 cloak
rCorr   .            (no gloves)
SInv    .            (no boots)
Will    .....        (no amulet)
Stlth   +++          (no ring)
HPRegen 0.22/turn    (no ring)
MPRegen 0.07/turn

%: no passive effects
@: no status effects
A: explore regen
a: no special abilities


You were on level 1 of the Dungeon.
You visited 1 branch of the dungeon, and saw 1 of its levels.

You collected 2 gold pieces.

Inventory:

Hand Weapons
 a - a +2 dagger (weapon)
Missiles
 d - 9 poisoned darts (quivered)
 e - 3 curare-tipped darts
Armour
 b - a +0 robe (worn)
 c - a +0 cloak (worn)


   Skills:
 + Level 2.0 Fighting
 + Level 2.0 Short Blades
 + Level 2.0 Throwing
 + Level 1.0 Dodging
 + Level 4.1 Stealth


You couldn't memorise any spells.
You didn't know any spells.
Your spell library was empty.

Dungeon Overview and Level Annotations

Branches:
Dungeon (1/15)

Altars:


Innate Abilities, Weirdness & Mutations

You regain HP and MP as you explore.


Message History

The jackal completely misses you. The jackal bites you.
You miss the jackal.
The jackal is severely wounded.
The frilled lizard bites you. The jackal bites you.
The jackal barely misses you.
The jackal stops to sniff the ground.
The jackal closely misses you.
You are too injured to fight recklessly!
You are too injured to fight recklessly!
You are too injured to fight recklessly!
You are too injured to fight recklessly!
You are too injured to fight recklessly!
You are too injured to fight recklessly!
You are too injured to fight recklessly!
You are too injured to fight recklessly!
You are too injured to fight recklessly!
You hit the jackal.
The jackal is severely wounded.
The jackal barely misses you.
The jackal bites you but does no damage.
The jackal completely misses you. The frilled lizard bites you.
You hit the jackal but do no damage.
The jackal is severely wounded.
The jackal completely misses you. The jackal barely misses you. x2
A kobold comes into view. It is wielding a +0 short sword.
The frilled lizard bites you but does no damage.
You barely miss the jackal.
The jackal is severely wounded.
The kobold shouts!
The jackal barely misses you. The jackal bites you. x2
* * * LOW HITPOINT WARNING * * *
The frilled lizard barely misses you.
A gnoll comes into view. It is wielding a +0 club.
The jackal bites you but does no damage. x3
You closely miss the jackal.
The jackal is severely wounded.
The jackal bites you.
* * * LOW HITPOINT WARNING * * *
The jackal bites you.
You die...

#...........!..$
#....g...........
#.....K.#.......#.....
##........#.....#......
..........#.....#....(.
#.........#...#.......
#....l#h..#.....#
#...##ghhl#.#....# .
#......##@h.....# ...
..........#.....#.....
.##...:......<.........
#.......#.....#......
#.....##.......##....
#...##....#.#.... #..
#..#.....#...#..... .
.. .....#...#......
....#.....#.....


You could see a gnoll (wandering), 4 jackals, a goblin, a kobold and 2 frilled
lizards.

Vanquished Creatures
  A hobgoblin (D:1)
1 creature vanquished.

Notes
Turn   | Place    | Note
-------+----------+-------------------------------------------
     0 | D:1      | Roake the Human Brigand began the quest for the Orb.
     0 | D:1      | Reached XP level 1. HP: 16/16 MP: 1/1
    37 | D:1      | Slain by a jackal

Illustrated notes

Levels and vault maps discovered:
D:1:      minmay_arrival_radiant_lines, layout_rooms, amcnicky_mini_pool_small

Action                     || total
---------------------------++-------
  Melee: Dagger            ||    19
 Armour: Robe              ||    25
  Dodge: Dodged            ||    36

Table legend: (Time is in decaauts)
 A = Elapsed time spent in this place.
 B = Non-inter-level travel time spent in this place.
 C = Inter-level travel time spent in this place.
 D = Time resting spent in this place.
 E = Time spent auto-exploring this place.
 F = Levels seen in this place.
 G = Mean time per level.
                   A        B        C        D        E       F      G
               +--------+--------+--------+--------+--------+-----+--------+
         Total |     35 |     35 |      0 |      0 |      0 |   1 |   35.0 |
       Dungeon |     35 |     35 |      0 |      0 |      0 |   1 |   35.0 |
               +--------+--------+--------+--------+--------+-----+--------+

Top non-repeatable levels by time:
     D:1: 35 daAuts
